 Dungeon Crawl Stone Soup version 0.30-a0-305-g026cb31310 (webtiles) character file.

Game seed: 15063248162225483740

3698 Lanoc the Destroyer (level 9, -11/67 HPs)
             Began as a Deep Elf Conjurer on Oct 22, 2022.
             Was a Believer of Ashenzari.
             Mangled by a boulder beetle (15 damage)
             ... on level 8 of the Dungeon.
             The game lasted 00:20:11 (9846 turns).

Lanoc the Destroyer (Deep Elf Conjurer)             Turns: 9846, Time: 00:20:11

Health: -11/67     AC: 10    Str: 11    XL:     9   Next: 91%
Magic:  1/26       EV: 17    Int: 28    God:    Ashenzari [**....]
Gold:   422        SH:  0    Dex: 13    Spells: 10/17 levels left

rFire   . . .      SeeInvis +    H - staff of conjuration
rCold   . . .      Faith    +    (no shield)
rNeg    + . .      Spirit   .    a - +0 robe of the Esoteric Moon {Cun, Self} (curse)
rPois   .          Reflect  .    (no helmet)
rElec   .          Harm     .    p - +1 cloak of the Ensconced Seer {Melee, Evo} (curse)
rCorr   .          Rampage  .    D - +2 pair of gloves "Amnos" {rN+ Str+7}
Will    .....                    L - +2 pair of boots
Stlth   ..........               q
                                   - Hermit's Pendant {Faith Invo=14 Evo=0 MP+5}
HPRegen 0.31/turn                t - ring of Desmomancy {Fly, Self, Evo} (curse)
MPRegen 0.20/turn                (no ring)

@: berserking, flying, very quick
A: no striking features
a: Renounce Religion, Shatter the Chains


You were on level 8 of the Dungeon.
You worshipped Ashenzari.
Ashenzari was pleased with you.
You visited 2 branches of the dungeon, and saw 9 of its levels.
You also visited: Sewer.

You collected 422 gold pieces.

Inventory:

Hand Weapons
 z - a +2 sling of draining
Missiles
 l - 4 atropa-tipped darts
 x - a throwing net
 B - a curare-tipped dart
Armour
 a - the cursed +0 robe of the Esoteric Moon (worn) {Cun, Self}

   It has a curse which improves the following skills: Cunning: Dodging and
   Stealth.
   Introspection: Fighting and Spellcasting.
 p - the cursed +1 cloak of the Ensconced Seer (worn) {Melee, Evo}
   (You took it off Crazy Yiuf on level 2 of the Dungeon)

   It has a curse which improves the following skills: Melee Combat: Short
   Blades, Long Blades, Axes, Maces & Flails, Polearms, Staves and Unarmed
   Combat.
   Evocations: Evocations.
 D - the +2 pair of gloves "Amnos" (worn) {rN+ Str+7}
   (You acquired it on level 6 of the Dungeon)

   Str:       It affects your strength (+7).
   rN:        It protects you from negative energy.
 L - a +2 pair of boots (worn)
Magical Staves
 H - a staff of conjuration (weapon)
Jewellery
 f - a ring of fire
 q - the Hermit's Pendant (around neck) {Faith Invo=14 Evo=0 MP+5}
   (You found it on level 7 of the Dungeon)

   [amulet of faith]

   It sets your invocations skill to 14 and your evocations skill to 0.
   It allows you to gain divine favour quickly.
   MP:        It affects your magic capacity (+5).
 t - the cursed ring of Desmomancy (left hand) {Fly, Self, Evo}
   (You took it off a centaur on level 6 of the Dungeon)

   [ring of flight]

   Fly:       It grants you flight.
   It has a curse which improves the following skills: Introspection: Fighting
   and Spellcasting.
   Evocations: Evocations.
Wands
 r - a wand of mindburst (13)
 I - a wand of paralysis (1)
 J - a wand of acid (6)
Scrolls
 c - 11 scrolls of identify
 d - 4 scrolls of poison
 e - 4 scrolls of magic mapping
 u - 2 scrolls of butterflies
 v - 3 scrolls of teleportation
 w - a scroll of amnesia
 y - a scroll of immolation
 A - a scroll of summoning
 E - 2 scrolls of brand weapon
 F - a scroll of blinking
 G - 2 scrolls of enchant armour
Potions
 b - 2 potions of magic
 g - 5 potions of might
 h - 6 potions of curing
 i - 4 potions of haste
 j - 3 potions of flight
 k - a potion of brilliance
 m - a potion of resistance
 n - a potion of ambrosia
 o - 2 potions of lignification
 s - a potion of heal wounds
 C - a potion of mutation


   Skills:
 + Level 10.1(11.3) Dodging
 - Level 2.4(3.4) Stealth
 - Level 3.0(4.6) Spellcasting
 * Level 13.3 Conjurations


You had 10 spell levels left.
You knew the following spells:

 Your Spells              Type           Power      Damage    Failure   Level
a - Magic Dart            Conj           100%       1d8       1%          1
b - Searing Ray           Conj           100%       2d8       1%          2
c - Iskenderun's Mystic   Conj/Tloc      60%        2d13      4%          4

Your spell library contained the following spells:

 Spells                   Type           Power      Damage    Failure   Level
 Dazzling Flash           Conj/Hex       100%       N/A       1%          3
 Fulminant Prism          Conj/Hex       30%        3d16      4%          4
 Lesser Beckoning         Tloc           12%        N/A       22%         3
 Portal Projectile        Hex/Tloc       12%        N/A       22%         3
 Spider Form              Tmut/Pois      6%         N/A       22%         3
 Tukima's Dance           Hex            6%         N/A       22%         3
 Alistair's Intoxication  Tmut/Pois      4%         N/A       89%         5
 Blade Hands              Tmut           3%         N/A       89%         5
 Summon Forest            Summ/Tloc      3%         N/A       89%         5


Dungeon Overview and Level Annotations

Branches:
Dungeon (8/15)             Temple (1/1) D:4           Sewer (visited)
   Lair: D:8-11

Altars:
Ashenzari
Cheibriados
Dithmenos
Fedhas
Gozag
Makhleb
Nemelex Xobeh
Okawaru
Qazlal
Ru
Sif Muna
Trog
Uskayaw
Vehumet
Wu Jian
Xom
Yredelemnul
The Shining One

Shops:
D:4 [

Annotations:
D:6 1 runed translucent door
D:8 2 transporters, RatherSlowDeath's ghost, novice DrCj


Message History

The searing ray hits the boulder beetle but does no damage.
The boulder beetle is heavily wounded. (Press . to maintain the ray.)
The searing ray hits the boulder beetle!
The boulder beetle is severely wounded.
The searing ray hits the boulder beetle.
The boulder beetle is severely wounded.
The searing ray hits the boulder beetle but does no damage.
The boulder beetle is severely wounded.
You finish channelling your searing ray.
The boulder beetle bites you.
You hit the boulder beetle but do no damage.
The boulder beetle is severely wounded.
The boulder beetle bites you!!
* * * LOW HITPOINT WARNING * * *
You feel much better.
The boulder beetle leaps!
Casting: Searing Ray (safe; 1% risk of failure)
Confirm with . or Enter, or press ? or * to list all spells.
Aiming: Magic Dart (safe; 1% risk of failure)
Press: ? - help, Shift-Dir - straight line, f/p - boulder beetle
Aim: a boulder beetle (severely wounded, 100% to hit)
You feel a surge of power!
The magic dart hits the boulder beetle but does no damage.
The boulder beetle is severely wounded.
The boulder beetle curls into a ball and begins rolling!
Okay, then.
A red film seems to cover your vision as you go berserk!
You feel yourself moving faster!
You feel mighty!
Found 7 gold pieces.
You feel a strong urge to attack something.
You hit the boulder beetle but do no damage.
The boulder beetle is heavily wounded.
The boulder beetle hits you!!
Ouch! That really hurt!
* * * LOW HITPOINT WARNING * * *
The boulder beetle stops rolling and uncurls.
You hit the boulder beetle but do no damage.
The boulder beetle is heavily wounded.
The boulder beetle bites you!
You die...

, ...##....... ....$
*#### #....... ,, ...##
#....... , ,
......########..... , ,
.................. ,...
.............. ,, #°#
*...........^. *,, , ,,,
##B###.#...........
..####.@....#...........
...)....#####...........
..#####.# #...........
#.######...###.... , ,,*
#####.#......### #.... ,
, ,**#.>......#####
#.... #..........##
#.... .............#
##### ** #............#


You could see a boulder beetle.

Vanquished Creatures
  A wyvern (D:8)
  A vampire mosquito (D:6)
  A steam dragon (D:7)
  2 water moccasins
  3 orc warriors
  A black bear (D:6)
  A sky beast (D:8)
  An ogre (D:5)
  A centaur (D:6)
  4 kobold brigands
  A bullfrog (D:4)
  A gnoll sergeant (D:6)
  9 scorpions
  3 necrophages
  4 wights (D:7)
  2 killer bees (D:6)
  2 howler monkeys (D:7)
  7 hounds
  A jelly (D:4)
  An orc priest (D:5)
  Crazy Yiuf (D:2)
  Ijyb (D:3)
  2 iguanas
  4 orc wizards
  Natasha (D:3)
  Robin (D:3)
  19 gnolls
  4 river rats (Sewer)
  9 adders
  2 white imps (D:7)
  An ufetubus (D:7)
  4 worms
  2 dart slugs
  20 orcs
  2 bats
  8 endoplasms
  4 giant cockroaches
  14 goblins
  8 hobgoblins
  9 jackals
  8 kobolds
  4 quokkas
  9 ball pythons
  5 frilled lizards
  8 rats
  2 butterflies (D:6)
199 creatures vanquished.

Vanquished Creatures (others)
  2 fungi (D:2)
  15 plants (Sewer)
17 creatures vanquished.

Grand Total: 216 creatures vanquished

Notes
Turn   | Place    | Note
-------+----------+-------------------------------------------
     0 | D:1      | Lanoc the Deep Elf Conjurer began the quest for the Orb.
     0 | D:1      | Reached XP level 1. HP: 10/10 MP: 6/6
    17 | D:1      | Found a faded altar of an unknown god.
    39 | D:1      | Prayed at the altar of an unknown god.
    39 | D:1      | Became a worshipper of Ashenzari the Shackled
   265 | D:1      | Reached XP level 2. HP: 15/15 MP: 4/8
   737 | D:1      | Reached skill level 5 in Conjurations
  1120 | D:2      | Learned a level 2 spell: Searing Ray
  1123 | D:2      | Reached XP level 3. HP: 19/19 MP: 2/9
  1866 | D:2      | Reached * piety under Ashenzari
  1990 | D:2      | Identified Vaan's Atlas of the Firefly
  2043 | D:2      | Reached XP level 4. HP: 24/24 MP: 9/11
  2611 | D:2      | Found a runed translucent door.
  2612 | D:2      | Noticed Crazy Yiuf
  2619 | D:2      | Killed Crazy Yiuf
  2653 | D:3      | Reached ** piety under Ashenzari
  2688 | D:3      | Noticed Robin
  2692 | D:3      | Reached skill level 6 in Conjurations
  2696 | D:3      | Killed Robin
  3089 | D:3      | Noticed Ijyb
  3095 | D:3      | Killed Ijyb
  3096 | D:3      | Reached XP level 5. HP: 8/28 MP: 3/12
  3204 | D:3      | Noticed Natasha
  3208 | D:3      | Killed Natasha
  3464 | D:3      | Found a snail-covered altar of Cheibriados.
  3464 | D:3      | Found a glowing golden altar of the Shining One.
  3509 | D:4      | Reached skill level 7 in Conjurations
  3572 | D:4      | Reached XP level 6. HP: 32/32 MP: 9/13
  3738 | D:4      | Found Kos Jisu's Antique Armour Emporium.
  3935 | D:4      | Found a staircase to the Ecumenical Temple.
  3976 | Temple   | Entered the Ecumenical Temple
  3976 | Temple   | Noticed a Brimstone Fiend
  3976 | Temple   | Noticed a chaos spawn
  3976 | Temple   | Noticed an orange demon
  3977 | Temple   | Noticed Eqitwela the pandemonium lord
  3981 | Temple   | Noticed Gyntyov the pandemonium lord
  3982 | Temple   | Noticed an orange demon
  4011 | Temple   | Noticed Ykuzargh the pandemonium lord
  4029 | Temple   | Noticed Ibiumune the pandemonium lord
  4042 | Temple   | Noticed Getocenu the pandemonium lord
  4056 | Temple   | Noticed a rust devil
  4057 | Temple   | Noticed Votur the pandemonium lord
  4058 | Temple   | Noticed a hell beast
  4313 | D:4      | Reached *** piety under Ashenzari
  4350 | D:4      | Reached skill level 5 in Dodging
  4813 | D:5      | Entered Level 5 of the Dungeon
  4984 | D:5      | Reached skill level 8 in Conjurations
  4985 | D:5      | Reached XP level 7. HP: 36/36 MP: 8/15
  5497 | D:5      | Reached skill level 9 in Conjurations
  6090 | D:6      | Reached XP level 8. HP: 19/41 MP: 13/16
  6161 | D:6      | Found a runed translucent door.
  6163 | D:6      | Found a runed translucent door.
  6197 | D:6      | Learned a level 4 spell: Iskenderun's Mystic Blast
  6220 | D:6      | Reached skill level 10 in Conjurations
  6225 | D:6      | Found a glowing drain.
  6298 | Sewer    | Entered a sewer
  6917 | Sewer    | Identified a scroll of acquirement
  7380 | D:6      | Acquired the +2 pair of gloves "Amnos" {rN+ Str+7}
  7506 | D:6      | Reached skill level 11 in Conjurations
  8219 | D:7      | Reached XP level 9. HP: 42/45 MP: 8/17
  8226 | D:7      | Acquired a staff of conjuration
  8384 | D:7      | Found the Hermit's Pendant {Faith Invo=14 Evo=0 MP+5}
  8424 | D:7      | Paralysed by an orc for 4 turns
  8427 | D:7      | HP: 2/44 [orc/+0 flail (3)]
  8566 | D:7      | Identified the +1 ring mail "Capri" {-Tele Dex+4}
  8711 | D:7      | Reached skill level 12 in Conjurations
  9153 | D:7      | Reached skill level 13 in Conjurations
  9537 | D:8      | Reached skill level 10 in Dodging
  9651 | D:8      | Found a transporter.
  9654 | D:8      | Noticed RatherSlowDeath's ghost (novice DrCj)
  9654 | D:8      | Noticed a moth of wrath
  9694 | D:8      | Found a transporter.
  9810 | D:8      | Noticed a boulder beetle
  9846 | D:8      | Mangled by a boulder beetle

Illustrated notes

Levels and vault maps discovered:
D:1:      elethiomel_arrival_quiet, layout_loops_corners, basic_ecumenical_altar
D:2:      layout_basic, dk_vineyard_3, kennysheep_generic_room_4,
          uniq_crazy_yiuf_cottage
D:3:      layout_rooms, gammafunk_temple_overflow_elements, serial_glass,
          glass_columns_b, glass_columns_a, uniq_robin, uniq_ijyb, uniq_natasha
D:4:      layout_basic, minmay_temple_entry_trees, serial_shops,
          nicolae_shop_trees
D:5:      layout_gridville, minivault_1
D:6:      lemuel_insect_pit, layout_basic, cheibrodos_sewer_entry_sluice
D:7:      layout_rooms, minmay_checkerbox
D:8:      layout_rooms, gammafunk_ghost_berserking_beasts
Temple:   nicolae_temple_panitentiary

Skill      XL: |  1  2  3  4  5  6  7  8  9 |
---------------+----------------------------+-----
Conjurations   | 5 6 7 8 9 11 13 | 13.3
Dodging        | 3 4 5 6 8 10 | 10.1
Stealth        | |  2.4
Spellcasting   | |  3.0

Action                   |  1- 3 |  4- 6 |  7- 9 || total
-------------------------+-------+-------+-------++-------
Melee: Quarterstaff      |       |    14 |    22 ||    36
       Dagger            |       |    11 |       ||    11
       Staff             |       |       |     5 ||     5
 Cast: Magic Dart        |    58 |    63 |   193 ||   314
       Searing Ray       |     2 |    17 |    53 ||    72
Invok: Curse Item        |     2 |     3 |     1 ||     6
       Shatter the Chain |       |     1 |     2 ||     3
  Use: Scroll            |       |       |     2 ||     2
       Potion            |       |       |     3 ||     3
 Stab: Paralysed         |       |     1 |       ||     1
Armor: Robe              |     2 |     4 |    26 ||    32
Dodge: Dodged            |     2 |    21 |    83 ||   106

Table legend: (Time is in decaauts)
 A = Elapsed time spent in this place.
 B = Non-inter-level travel time spent in this place.
 C = Inter-level travel time spent in this place.
 D = Time resting spent in this place.
 E = Time spent auto-exploring this place.
 F = Levels seen in this place.
 G = Mean time per level.
                   A        B        C        D        E       F      G
               +--------+--------+--------+--------+--------+-----+--------+
         Total |  10027 |   9708 |    319 |    281 |   8037 |  10 | 1002.7 |
       Dungeon |   8657 |   8357 |    300 |    281 |   6972 |   8 | 1082.1 |
        Temple |    124 |    105 |     19 |      0 |     83 |   1 |  124.0 |
         Sewer |   1245 |   1245 |      0 |      0 |    981 |   1 | 1245.0 |
               +--------+--------+--------+--------+--------+-----+--------+

Top non-repeatable levels by time:
     D:2: 1543 daAuts
     D:6: 1397 daAuts
   Sewer: 1245 daAuts
     D:5: 1230 daAuts
     D:4: 1194 daAuts
     D:1: 1107 daAuts
     D:7: 941 daAuts
     D:3: 856 daAuts
     D:8: 386 daAuts
  Temple: 124 daAuts
